 Dungeon Sprint DCSS version 0.27-a0-660-g90476cec82 (webtiles) character file.

Game seed: 10047972117976254782

103258 mhtbhm the Axe Maniac (level 15, 0/173 HPs)
             Began as a Minotaur Fighter on Mar 16, 2021.
             Was a High Priest of Trog.
             Slain by an electric golem (3 damage)
             ... in the Dungeon (Sprint VII: "The Pits").
             The game lasted 00:14:54 (6556 turns).

mhtbhm the Axe Maniac (Minotaur Fighter)            Turns: 6556, Time: 00:14:54

Health: 0/173      AC: 30    Str: 28    XL:     15   Next: 88%
Magic:  2/4        EV: 16    Int:  8    God:    Trog [*****.]
Gold:   66         SH: 27    Dex:  9    Spells: 14/14 levels left

rFire    . . .     SeeInvis .   a - +9 broad axe of the Owl {antimagic, rN+ Int+3}
rCold    . . .     Faith    .   c - +0 tower shield
rNeg     + . .     Spirit   .   b - +3 storm dragon scales
rPois    .         Reflect  .   (helmet restricted)
rElec    +         Harm     .   m - +0 cloak {Will+}
rCorr    .         Rampage  .   C - +1 pair of gloves
Will     ++++.     NoTele   +   (no boots)
Stlth    ..........             (no amulet)
HPRegen  1.38/turn              o - +3 ring of evasion
MPRegen  0.09/turn              n - +3 ring of protection

@: berserk cooldown, regenerating, slowed, very slow
A: horns 2, retaliatory headbutt
a: Renounce Religion, Berserk, Trog's Hand, Brothers in Arms


You were in the Dungeon.
You worshipped Trog.
Trog was extremely pleased with you.
You visited 1 branch You collected 66 gold pieces.

Inventory:

Hand Weapons
 a - the +9 broad axe of the Owl (weapon) {antimagic, rN+ Int+3}
   (Trog gifted it to you in the Dungeon)

   It reduces the magical energy of the wielder, and disrupts the spells and
   magical abilities of those hit.
   Natural abilities and divine invocations are not affected.
   It affects your intelligence (+3).
   It protects you from negative energy.
 t - the +8 war axe "Zyth" {vorpal, +Rage rN+ Str+4 SInv}
   (Trog gifted it to you in the Dungeon)

   It inflicts extra damage upon your enemies.
   It affects your strength (+4).
   It protects you from negative energy.
   It lets you see invisible.
   It lets you go berserk.
Missiles
 s - 10 curare-tipped darts (quivered)
 B - 2 throwing nets
Armour
 b - +3 storm dragon scales (worn)
 c - a +0 tower shield (worn)
 m - a +0 cloak of willpower (worn)
 C - a +1 pair of gloves (worn)
Jewellery
 n - a +3 ring of protection (left hand)
 o - a +3 ring of evasion (right hand)
 u - a ring of willpower
 v - a ring of protection from fire
 w - the amulet "Vioqaff" {RegenMP Will- Str+4 Dex+8 Stlth+}
   (You found it in the Dungeon)

   [amulet of magic regeneration]

   It increases your magic regeneration.
   It affects your strength (+4).
   It affects your dexterity (+8).
   It affects your willpower, your defense against some magical effects.
   It makes you more stealthy.
Scrolls
 j - a scroll of blinking
 l - a scroll of summoning
 x - 5 scrolls of fog
 y - 4 scrolls of identify
 z - 2 scrolls of enchant armour
 A - 2 scrolls of enchant weapon
Potions
 d - 2 potions of might
 e - 9 potions of curing
 f - 9 potions of heal wounds
 h - 4 potions of magic
 i - 3 potions of berserk rage
 k - a potion of invisibility
 p - a potion of resistance
 q - a potion of mutation


   Skills:
 + Level 26.7 Fighting
 O Level 27 Axes
 + Level 21.4 Armour
 + Level 11.5 Dodging
 - Level 1.0 Stealth
 + Level 26.5 Shields


You had 14 spell levels left.
You didn't know any spells.
Your spell library was empty.

Dungeon Overview and Level Annotations

Branches:
Dungeon (1/1)

Altars:
Ashenzari
Cheibriados
Dithmenos
Elyvilon
Fedhas
Gozag
Hepliaklqana
Kikubaaqudgha
Makhleb
Nemelex Xobeh
Okawaru
Qazlal
Ru
Sif Muna
Trog
Uskayaw
Vehumet
Wu Jian
Xom
Yredelemnul
Zin
The Shining One
Beogh
Jiyva
Lugonu

Annotations:
D Khufu, Lom Lobon


Innate Abilities, Weirdness & Mutations

You have a pair of horns on your head.
You reflexively headbutt those who attack you in melee.


Message History

You block the electric golem's attack. x2
You block the +2 long sword of holy wrath's attack.
The electric golem hits you but does no damage.
The electric golem closely misses you.
The electric golem hits you but does no damage.
You block the electric golem's attack.
The +2 long sword of holy wrath hits you but does no damage.
You hear a roar!
You slash the +2 long sword of holy wrath!
The +2 long sword of holy wrath is moderately damaged.
You closely miss the electric golem. You block the electric golem's attack.
The electric golem closely misses you.
The electric golem hits you but does no damage. x2
You block the +2 long sword of holy wrath's attack.
The electric golem hits you but does no damage. x2
You block the electric golem's attack. The electric golem misses you.
You miss the +2 long sword of holy wrath.
The +2 long sword of holy wrath is moderately damaged.
You hit the electric golem.
The electric golem's magic leaks into the air.
The +2 long sword of holy wrath closely misses you.
You block the electric golem's attack. x3
The electric golem barely misses you.
The +2 long sword of holy wrath hits you but does no damage.
Unknown command.
You closely miss the +2 long sword of holy wrath.
Your headbutt misses the +2 long sword of holy wrath.
The +2 long sword of holy wrath is moderately damaged.
You slash the electric golem!
The electric golem's magic leaks into the air.
You block the electric golem's attack. The electric golem hits you.
* * * LOW HITPOINT WARNING * * *
The electric golem shocks you. You resist.
* * * LOW HITPOINT WARNING * * *
The electric golem hits you but does no damage.
You block the electric golem's attack.
The +2 long sword of holy wrath hits you!
* * * LOW HITPOINT WARNING * * *
You block the electric golem's attack. The electric golem hits you.
You die... sM.

#1# #)# ####M##
#§C&.B+ ###
#'##.## ## ###.'
##.### +#.###.###
#8#'(##+.##'.##).'
#@#..D)...#...#...
##(#.###.###.'##.#
##.###.###.###)'##
#..)'.).'...'...##
##.###.###.###.##
### ### ### ###
.......# .......#


You could see an electric golem and a +2 long sword of holy wrath.

Vanquished Creatures
  An ancient lich (D)
  A royal mummy (D)
  3 pandemonium lords (D)
  Xtahua (D)
  A pearl dragon (D)
  A profane servitor (D)
  A tentacled monstrosity (D)
  A Hell Sentinel (D)
  An Ice Fiend (D)
  A lich (D)
  3 titans (D)
  A deep elf master archer (D)
  An acid blob (D)
  A shadow dragon (D)
  2 storm dragons (D)
  Louise (D)
  A daeva (D)
  An iron dragon (D)
  A frost giant (D)
  A rockslime (D)
  2 ghost moths (D)
  A draconian scorcher (D)
  2 orc warlords (D)
  4 balrugs (D)
  A draconian stormcaller (D)
  A stone giant (D)
  A war gargoyle (D)
  A merfolk impaler (D)
  A green death (D)
  An ettin (D)
  2 yaktaur captains (D)
  Erolcha (D)
  A boulder beetle (D)
  An ogre mage (D)
  5 two-headed ogres (D)
  Sonja (D)
  A deep elf knight (D)
  A sixfirhy (D)
  A salamander mystic (D)
  A spriggan druid (D)
  A sea snake (D)
  A phantasmal warrior (D)
  A naga ritualist (D)
  6 orc knights (D)
  An orc sorcerer (D)
  A manticore (D)
  2 elephants (D)
  A naga mage (D)
  A smoke demon (D)
  A cane toad (D)
  A komodo dragon (D)
  An efreet (D)
  5 kobold demonologists (D)
  A freezing wraith (D)
  2 yaktaurs (D)
  A troll (D)
  2 tyrant leeches (D)
  2 merfolk (D)
  A polar bear (D)
  A jumping spider (D)
  5 dream sheep (D)
  A spriggan (D)
  A redback (D)
  A fire bat (D)
  A shadow (D)
  A ynoxinul (D)
  A vampire (D)
  2 golden eyes (D)
  A neqoxec (D)
  A soldier ant (D)
  2 wargs (D)
  A floating eye (shapeshifter) (D)
  A floating eye (D)
  Purgy (D)
  2 black bears (D)
  An ice beast (D)
  A necrophage (D)
  3 ogres (D)
  A phantom (D)
  10 wolves (D)
  7 kobold brigands (D)
  4 killer bees (D)
  A hound (D)
  Crazy Yiuf (D)
  A worker ant (D)
  An iguana (D)
  A hell rat (D)
  A gnoll (D)
  3 adders (D)
  A leopard gecko (D)
  An orc (D)
  3 goblins (D)
  A hobgoblin (D)
  6 jackals (D)
  9 kobolds (D)
  2 ball pythons (D)
  3 rats (D)
172 creatures vanquished.

Vanquished Creatures (collateral kills)
  A pandemonium lord (D)
  A deep elf blademaster (D)
  A death cob (D)
  A deep elf annihilator (D)
  A blizzard demon (D)
  An ice dragon (D)
  2 vault guards (D)
  A deep elf knight (D)
  A cherub (D)
  A deep elf zephyrmancer (D)
  5 orc knights (D)
  A wolf spider (D)
  An elephant (D)
  2 yaktaurs (D)
  A merfolk (D)
  A large abomination (D)
  A floating eye (D)
  An earth elemental (D)
24 creatures vanquished.

Vanquished Creatures (others)
  An orc knight (D)
  A mummy (D)
  An adder simulacrum (D)
  A bat (D)
  A ball lightning (D)
5 creatures vanquished.

Grand Total: 201 creatures vanquished

Notes
Turn   | Place    | Note
-------+----------+-------------------------------------------
     0 | D        | mhtbhm the Minotaur Fighter began the quest for the Orb.
     0 | D        | Reached XP level 1. HP: 19/19 MP: 0/0
    11 | D        | Noticed a floating eye
    14 | D        | Paralysed by a floating eye for 4 turns
    19 | D        | Killed a floating eye
    20 | D        | Reached skill level 5 in Axes
    20 | D        | Reached XP level 2. HP: 31/31 MP: 1/1
    20 | D        | Reached XP level 3. HP: 38/38 MP: 2/2
    20 | D        | Reached XP level 4. HP: 45/45 MP: 3/3
    24 | D        | Found a bloodstained altar of Trog.
    24 | D        | Found a shimmering blue altar of Sif Muna.
    24 | D        | Found a viscous altar of Jiyva.
    24 | D        | Found a hazy altar of Hepliaklqana.
    24 | D        | Found an opulent altar of Gozag.
    25 | D        | Found a glowing golden altar of the Shining One.
    25 | D        | Found a glowing silver altar of Zin.
    25 | D        | Found a basalt altar of Yredelemnul.
    25 | D        | Found a shimmering altar of Xom.
    25 | D        | Found an ornate altar of the Wu Jian Council.
    25 | D        | Found a sacrificial altar of Ru.
    25 | D        | Found a stormy altar of Qazlal.
    25 | D        | Found an iron altar of Okawaru.
    25 | D        | Found a sparkling altar of Nemelex Xobeh.
    25 | D        | Found a burning altar of Makhleb.
    25 | D        | Found a blossoming altar of Fedhas.
    25 | D        | Found a white marble altar of Elyvilon.
    25 | D        | Found a shadowy altar of Dithmenos.
    25 | D        | Found a snail-covered altar of Cheibriados.
    27 | D        | Found a radiant altar of Vehumet.
    27 | D        | Found a corrupted altar of Lugonu.
    29 | D        | Became a worshipper of Trog the Wrathful
    85 | D        | Reached * piety under Trog
   172 | D        | Reached ** piety under Trog
   182 | D        | Reached XP level 5. HP: 22/52 MP: 4/4
   392 | D        | Noticed Crazy Yiuf
   392 | D        | Noticed a warg
   393 | D        | Noticed a black bear
   400 | D        | Reached *** piety under Trog
   401 | D        | Reached skill level 6 in Axes
   401 | D        | Reached skill level 1 in Dodging
   404 | D        | Killed Crazy Yiuf
   405 | D        | Killed a warg
   406 | D        | Reached skill level 7 in Axes
   406 | D        | Reached XP level 6. HP: 62/62 MP: 5/5
   407 | D        | Reached **** piety under Trog
   408 | D        | Reached skill level 8 in Axes
   468 | D        | Noticed a komodo dragon
   477 | D        | HP: 4/94 [komodo dragon (26)]
   478 | D        | Killed a komodo dragon
   479 | D        | Reached skill level 10 in Axes
   479 | D        | Reached skill level 10 in Shields
   479 | D        | Reached XP level 7. HP: 4/71 MP: 6/6
   797 | D        | Reached ***** piety under Trog
   798 | D        | Reached skill level 10 in Fighting
   807 | D        | Noticed Purgy
   807 | D        | Noticed a sea snake
   817 | D        | Killed Purgy
   824 | D        | Killed a sea snake
   824 | D        | Received a gift from Trog
   825 | D        | Reached skill level 11 in Axes
   825 | D        | Reached skill level 10 in Armour
   825 | D        | Reached XP level 8. HP: 39/81 MP: 7/7
  1091 | D        | Found a hide-covered altar of Uskayaw.
  1091 | D        | Found an ancient bone altar of Kikubaaqudgha.
  1091 | D        | Found a broken altar of Ashenzari.
  1120 | D        | Noticed a tyrant leech
  1128 | D        | Reached skill level 12 in Axes
  1130 | D        | Reached skill level 5 in Dodging
  1133 | D        | Killed a tyrant leech
  1199 | D        | Noticed Sonja
  1199 | D        | Noticed a deep elf zephyrmancer
  1208 | D        | Killed Sonja
  1209 | D        | Reached skill level 13 in Axes
  1209 | D        | Reached XP level 9. HP: 88/90 MP: 8/8
  1209 | D        | Killed a deep elf zephyrmancer
  1210 | D        | Reached skill level 14 in Axes
  1336 | D        | Noticed a jumping spider
  1337 | D        | Noticed an elephant
  1337 | D        | Noticed an ogre mage
  1337 | D        | Noticed a two-headed ogre
  1337 | D        | Noticed a two-headed ogre
  1337 | D        | Noticed a two-headed ogre
  1337 | D        | Noticed a two-headed ogre
  1341 | D        | Killed a jumping spider
  1341 | D        | Received a gift from Trog
  1342 | D        | Noticed a two-headed ogre
  1345 | D        | Killed a two-headed ogre
  1346 | D        | Reached skill level 15 in Axes
  1347 | D        | Killed an ogre mage
  1348 | D        | Reached XP level 10. HP: 101/101 MP: 9/9
  1348 | D        | Killed a two-headed ogre
  1349 | D        | Reached skill level 16 in Axes
  1351 | D        | Killed a two-headed ogre
  1351 | D        | Received a gift from Trog
  1354 | D        | Killed an elephant
  1358 | D        | Killed a two-headed ogre
  1359 | D        | Reached skill level 17 in Axes
  1361 | D        | Killed a two-headed ogre
  1361 | D        | Reached ****** piety under Trog
  1434 | D        | Noticed a sixfirhy
  1443 | D        | Killed a sixfirhy
  1444 | D        | Reached XP level 11. HP: 91/111 MP: 10/10
  1457 | D        | Noticed a deep troll
  1458 | D        | a deep troll changed into a floating eye
  1466 | D        | Reached skill level 15 in Fighting
  1515 | D        | Noticed a salamander mystic
  1515 | D        | Noticed a naga ritualist
  1515 | D        | Noticed Erolcha
  1520 | D        | Killed a naga ritualist
  1520 | D        | Received a gift from Trog
  1522 | D        | Reached skill level 18 in Axes
  1532 | D        | Killed a salamander mystic
  1536 | D        | Killed Erolcha
  1536 | D        | Received a gift from Trog
  1537 | D        | Reached skill level 15 in Armour
  1868 | D        | Received a gift from Trog
  1873 | D        | Reached skill level 15 in Shields
  1889 | D        | Received a gift from Trog
  1890 | D        | Reached skill level 19 in Axes
  2066 | D        | Noticed a phantasmal warrior
  2074 | D        | Killed a phantasmal warrior
  2088 | D        | Identified the +9 broad axe of the Owl {antimagic, rN+
                  | Int+3} (Trog gifted it to you in the Dungeon)
  2088 | D        | Received a gift from Trog
  2121 | D        | Noticed a balrug
  2121 | D        | Noticed a stone giant
  2121 | D        | Noticed a boulder beetle
  2126 | D        | Received a gift from Trog
  2133 | D        | Killed a balrug
  2134 | D        | Reached XP level 12. HP: 124/124 MP: 3/11
  2136 | D        | Identified the +4 hand axe "Jarud" {vorpal, rC++} (Trog
                  | gifted it to you in the Dungeon)
  2136 | D        | Received a gift from Trog
  2144 | D        | Killed a stone giant
  2152 | D        | Killed a boulder beetle
  2152 | D        | Identified the +8 war axe "Zyth" {vorpal, +Rage rN+ Str+4
                  | SInv} (Trog gifted it to you in the Dungeon)
  2152 | D        | Received a gift from Trog
  2153 | D        | Reached skill level 20 in Axes
  2260 | D        | Received a gift from Trog
  2272 | D        | Received a gift from Trog
  2276 | D        | Received a gift from Trog
  2373 | D        | Got the amulet "Vioqaff" {RegenMP Will- Str+4 Dex+8 Stlth+}
  2530 | D        | Noticed a balrug
  2530 | D        | Noticed a blizzard demon
  2530 | D        | Noticed a shadow dragon
  2530 | D        | Noticed a balrug
  2536 | D        | HP: 7/190 [balrug/+0 demon whip of electrocution (27)]
  2539 | D        | Killed a balrug
  2541 | D        | Killed a balrug
  2541 | D        | HP: 2/192 [elephant (6)]
  2542 | D        | Killed a blizzard demon
  2543 | D        | Reached skill level 21 in Axes
  2547 | D        | Received a gift from Trog
  2553 | D        | Killed a shadow dragon
  2836 | D        | Noticed a titan
  2840 | D        | Killed a titan
  2841 | D        | Reached skill level 1 in Stealth
  2841 | D        | Reached XP level 13. HP: 137/137 MP: 4/12
  2879 | D        | Noticed a profane servitor
  2900 | D        | Killed a profane servitor
  3092 | D        | Noticed a yellow draconian scorcher
  3104 | D        | Killed a yellow draconian scorcher
  3105 | D        | Reached skill level 22 in Axes
  3144 | D        | Noticed a Hell Sentinel
  3154 | D        | Killed a Hell Sentinel
  3154 | D        | Received a gift from Trog
  3298 | D        | Noticed a death cob
  3300 | D        | Noticed an orc warlord
  3300 | D        | Noticed an orc warlord
  3301 | D        | Killed a death cob
  3306 | D        | Noticed a merfolk impaler
  3310 | D        | Killed an orc warlord
  3311 | D        | Killed an orc warlord
  3313 | D        | Noticed an ettin
  3316 | D        | Received a gift from Trog
  3319 | D        | Killed a merfolk impaler
  3323 | D        | Received a gift from Trog
  3325 | D        | Reached skill level 23 in Axes
  3329 | D        | Killed an ettin
  3331 | D        | Received a gift from Trog
  3341 | D        | Received a gift from Trog
  3822 | D        | Found the +2 robe of Vines {NoPotionHeal Regen+++}
  3887 | D        | Found the +6 lightning scales {swift rElec}
  4100 | D        | Noticed a daeva
  4115 | D        | Killed a daeva
  4116 | D        | Reached XP level 14. HP: 154/154 MP: 4/13
  4182 | D        | Noticed Vonnoroace the pandemonium lord
  4182 | D        | Noticed a balrug
  4182 | D        | Noticed a frost giant
  4182 | D        | Noticed an iron dragon
  4192 | D        | Killed an iron dragon
  4205 | D        | Paralysed by a floating eye for 2 turns
  4208 | D        | Killed Vonnoroace the pandemonium lord
  4208 | D        | Received a gift from Trog
  4209 | D        | Reached skill level 24 in Axes
  4210 | D        | Paralysed by a floating eye for 3 turns
  4221 | D        | HP: 4/155 [frost giant/bolt of cold (40)]
  4288 | D        | Killed a balrug
  4295 | D        | Killed a frost giant
  4295 | D        | Received a gift from Trog
  4626 | D        | Noticed Heagor the pandemonium lord
  4641 | D        | Killed Heagor the pandemonium lord
  4686 | D        | Noticed a storm dragon
  4692 | D        | Killed a storm dragon
  4693 | D        | Reached skill level 25 in Axes
  4695 | D        | Noticed Ziti the pandemonium lord
  4707 | D        | Killed Ziti the pandemonium lord
  4749 | D        | Noticed a pearl dragon
  4760 | D        | Killed a pearl dragon
  4868 | D        | Noticed a lich
  4877 | D        | Killed a lich
  4877 | D        | Received a gift from Trog
  5105 | D        | Noticed an ancient lich
  5112 | D        | Killed an ancient lich
  5113 | D        | Reached skill level 26 in Axes
  5113 | D        | Reached XP level 15. HP: 166/166 MP: 4/14
  5137 | D        | Noticed Xtahua
  5146 | D        | Killed Xtahua
  5412 | D        | Killed a ghost moth
  5451 | D        | Noticed an Ice Fiend
  5458 | D        | Killed an Ice Fiend
  5461 | D        | Noticed a titan
  5467 | D        | Killed a titan
  5583 | D        | Noticed a tentacled monstrosity
  5592 | D        | Killed a tentacled monstrosity
  5592 | D        | Received a gift from Trog
  5703 | D        | Reached skill level 10 in Dodging
  5743 | D        | Noticed a rockslime
  5743 | D        | Noticed a deep elf master archer
  5751 | D        | Killed a rockslime
  5758 | D        | Reached skill level 27 in Axes
  5765 | D        | Killed a deep elf master archer
  5956 | D        | Noticed a titan
  5966 | D        | Killed a titan
  5966 | D        | Received a gift from Trog
  6096 | D        | Noticed a royal mummy
  6106 | D        | Killed a royal mummy
  6111 | D        | Killed a ghost moth
  6137 | D        | Noticed an acid blob
  6137 | D        | Noticed a storm dragon
  6145 | D        | Killed an acid blob
  6145 | D        | Identified the +11 hand axe "Hairy Goblinbane" {vorpal,
                  | rF+} (Trog gifted it to you in the Dungeon)
  6145 | D        | Received a gift from Trog
  6153 | D        | Killed a storm dragon
  6316 | D        | Noticed Daoje the pandemonium lord
  6327 | D        | Killed Daoje the pandemonium lord
  6522 | D        | Noticed a deep elf blademaster
  6522 | D        | Noticed Lom Lobon
  6524 | D        | Killed a deep elf blademaster
  6526 | D        | Noticed Louise
  6527 | D        | Noticed a royal mummy
  6528 | D        | Noticed a Hell Sentinel
  6533 | D        | Killed Louise
  6542 | D        | Noticed Khufu
  6543 | D        | Noticed a royal mummy
  6543 | D        | Noticed an electric golem
  6547 | D        | Noticed an orb of fire
  6549 | D        | Noticed a shadow dragon
  6556 | D        | HP: 3/173 [+2 long sword of holy wrath (14)]
  6556 | D        | Slain by an electric golem

Illustrated notes

Levels and vault maps discovered:
D:        pitsprint [storerooms_1, entrance_room_1, metal_vault_2, armoury_1,
          mini_pit_1, grid_room_1, main_hall_1, silver_pit, the_coven_1,
          the_vestibule_1, steel_vault_4, golden_pit, hallway_of_sentries,
          crystal_vault_1, iron_vault_4, final_vault]

Skill      XL: |  1  2  3  4  5  6  7  8  9 10 11 12 13 14 15 |
---------------+----------------------------------------------+-----
Fighting       | 6 7 8 9 10 11 13 14 16 19 22 23 26 | 26.7
Axes           | 5 7 10 11 13 15 17 19 21 23 26 27 | 27.0
Armour         | 6 7 8 9 10 11 13 14 15 16 17 19 21 | 21.4
Shields        | 6 7 8 10 11 12 13 16 19 21 23 26 | 26.5
Dodging        | 2 3 4 5 6 7 9 11 | 11.5
Stealth        | 1 |  1.0

Action                   |  1- 3 |  4- 6 |  7- 9 | 10-12 | 13-15 || total
-------------------------+-------+-------+-------+-------+-------++-------
Melee: War axe           |     4 |       |    24 |    13 |       ||    41
       Headbutt          |     2 |     7 |     7 |    31 |    74 ||   121
       Hand axe          |       |    50 |    19 |       |       ||    69
       Broad axe         |       |       |       |   146 |   318 ||   464
Invok: Berserk           |       |     2 |     4 |     5 |    13 ||    24
       Brothers in Arms  |       |       |     1 |     2 |    11 ||    14
       Trog's Hand       |       |       |       |       |     5 ||     5
  Use: Potion            |       |       |     2 |     3 |     9 ||    14
       Scroll            |       |       |       |       |     3 ||     3
 Stab: Invisible         |       |       |       |       |    16 ||    16
       Held in net/web   |       |       |       |       |     1 ||     1
Armor: Scale mail        |       |    17 |       |       |       ||    17
       Plate armour      |       |     9 |    11 |       |       ||    20
       Chain mail        |       |       |     9 |    58 |    22 ||    89
       Storm dragon scal |       |       |       |       |    71 ||    71
Dodge: Dodged            |       |    15 |    22 |    70 |    76 ||   183
Block: Kite shield       |       |    32 |    23 |   120 |    65 ||   240
       Tower shield      |       |       |       |       |   145 ||   145

Table legend: (Time is in decaauts)
 A = Elapsed time spent in this place.
 B = Non-inter-level travel time spent in this place.
 C = Inter-level travel time spent in this place.
 D = Time resting spent in this place.
 E = Time spent auto-exploring this place.
 F = Levels seen in this place.
 G = Mean time per level.
                   A        B        C        D        E       F      G
               +--------+--------+--------+--------+--------+-----+--------+
         Total |   6579 |   6579 |      0 |   4183 |    308 |   1 | 6579.0 |
       Dungeon |   6579 |   6579 |      0 |   4183 |    308 |   1 | 6579.0 |
               +--------+--------+--------+--------+--------+-----+--------+

Top non-repeatable levels by time:
       D: 6579 daAuts
